AoeStats
← Bundesamt

Arabia

509192950Analyzed
2v2 RM · 5d ago on Sep 25, 2026· 44m 14s· 4 players
Game mode
Random Map
Map size
Medium (4 player)
Population
200
Speed
Normal
Resources
Standard
Victory
Conquest
Starting age
Dark Age
Ending age
Imperial Age
RankedLock teamsTeams togetherTeam positionsShared explorationLock speedFull tech treeHidden civsTurbo modeCheats
Victory
Defeat
🇩🇰 Vikings · Denmark
1136
+17
🇩🇰 Burgundians · Denmark
1132
+17
🇩🇪 Khmer · Germany
1208
-19
🇩🇪 Poles · Germany
1104
-15
м0ммe.exe
3:46 Loom
10:05 Feudal Age
10:40 Double-Bit Axe
12:07 Bow Saw
12:08 Horse Collar
19:12 Castle Age
18:36 Gold Mining
19:38 Forging
19:34 Scale Barding Armor
19:56 Husbandry
19:18 Cavalier
22:18 Heavy Plow
27:08 Iron Casting
29:30 Wheelbarrow
31:23 Chain Barding Armor
36:05 Town Watch
36:35 Hand Cart
36:43 Fervor
36:54 Sanctity
40:28 Imperial Age
39:48 Padded Archer Armor
39:53 Scale Mail Armor
39:49 Pikeman
40:29 Squires
40:15 Arson
40:41 Halberdier
41:55 Chain Mail Armor
43:53 Two-Man Saw
44:15 Blast Furnace
43:45 Plate Mail Armor
lille chef
8:57 Loom
12:00 Feudal Age
13:35 Man-at-Arms
14:38 Double-Bit Axe
22:46 Castle Age
21:33 Forging
22:23 Scale Mail Armor
24:05 Bow Saw
23:48 Pikeman
23:50 Long Swordsman
25:37 Pikeman
32:43 Chain Mail Armor
37:44 Town Watch
40:36 Imperial Age
37:55 Town Watch
41:16 Two-Handed Swordsman
42:49 Champion
Bundesamt
12:56 Feudal Age
11:12 Loom
13:00 Feudal Age
13:27 Man-at-Arms
17:14 Double-Bit Axe
23:25 Castle Age
21:40 Bloodlines
21:41 Forging
21:39 Scale Barding Armor
21:44 Forging
21:33 Gold Mining
22:08 Horse Collar
23:49 Fletching
24:59 Chain Barding Armor
30:21 Bodkin Arrow
36:02 Scale Mail Armor
37:06 Chain Mail Armor
37:39 Iron Casting
38:23 Bow Saw
40:37 Arson
tzui11
4:14 Loom
11:11 Feudal Age
12:39 Double-Bit Axe
12:55 Horse Collar
15:32 Wheelbarrow
20:24 Castle Age
18:55 Gold Mining
19:35 Bloodlines
20:02 Scale Barding Armor
21:02 Forging
22:01 Husbandry
22:23 Chain Barding Armor
22:31 Town Watch
28:05 Heavy Plow
29:36 Fletching
31:10 Gold Shaft Mining
31:23 Light Cavalry
37:35 Iron Casting
Connection lost

Rejoining the realm…

Still unreachable

The connection could not be restored.

Session expired

The server has moved on; the page needs a fresh start.